[Event "44th Chess Olympiad Open 2022"]
[Site "Chennai"]
[Date "2022.08.01"]
[Round "4.17"]
[White "Pantsulaia, Levan"]
[Black "Montes Orozco, Miguel Angel"]
[Result "1-0"]
[WhiteElo "2581"]
[BlackElo "2070"]
[Annotator "TA"]
[PlyCount "125"]
[EventDate "2022.??.??"]
[TimeControl "60"]

1. Nf3 d5 2. g3 Nf6 3. Bg2 e6 4. O-O Be7 5. d3 O-O 6. Nbd2 Nc6 7. d4 {[%emt 0:04:18] [#]
A07: Réti Opening: New York and Capablanca Systems.} b5 $146 ({Predecessor:} 7... Ne4 8. c3 f5 9. Ne1 e5 10. Ndf3 Bf6 11. e3 b6 12. Nd3 Re8
13. Re1 Ba6 14. Bh3 Bxd3 15. Qxd3 {½-½ (30) Rapport,R (2763)-Nakamura,H 
(2736) Berlin 2022}) 8. Nb3 a5 9. a4 {
[%emt 0:02:10] The position is equal.} Ba6 10. Ne5 Nxe5 11. dxe5 Nd7 12. axb5 Bxb5 13. Nd4 Qb8 14. b3 {[%emt 0:00:38][%cal Yc2c4] [#] aiming for c4!} Nxe5 15. c4 $36 {[%emt 0:01:21] White is pushing.} Bd7 16. cxd5 exd5 17. Bxd5 Ra6 18. Qc2 Rd6 $1 19. Rxa5 Qb6 (19... c6 $142 20. Bg2 Rxd4) 20. Qc5 Rd8 (20... Bg4 $5 21. Bb2 Rd7
$11) 21. Bg2 {[%emt 0:01:03] [#] And now Qxb6 would win.} Qxc5 22. Rxc5 Rxd4 23. Rxe5 Be6 24. Be3 Rb4 25. Bc5 Bxc5 26. Rxc5 Rd7 27. Rfc1 Rxb3 28. f4 {[%emt 0:03:20] Hoping
for f5.} ({Avoid the trap} 28. Rxc7 $2 Rxc7 29. Rd1 (29. Rxc7 $2 {loses.} Rb1+
30. Bf1 Bh3 $19) 29... Rd7 $19) 28... g6 {[%emt 0:00:23] Prevents f5.} 29. Rxc7 Rd2 30. Bf3 h5 31. R7c2 Rd4 32. Rc3 Rb2 33. h4 Kg7 34. Kf2 Rdd2 35. Rc7 Rd6 36. Ra1 Ra2 37. Rb1 Rd7 38. Rxd7 Bxd7 $16 {[%emt 0:00:04] Endgame
KRB-KRB} 39. Bd5 Rd2 40. Bc4 Rd4 41. Bd3 Be6 42. Rb5 Kf6 43. Rg5 Bg4 44. Ra5 Be6 45. Ra6 Kg7 46. Ke3 Rb4 47. Ra5 Kf6 48. Kd2 Rd4 49. Kc3 Rd7 50. e4 Rc7+ 51. Kd4 Rd7+ 52. Ke3 Re7 53. Ra6 {[%emt 0:00:00] Strongly
threatening f5.} Kg7 54. Rd6 Bg4 55. Kd4 Ra7 56. Bc4 Kf8 (56... Ra4 $142) 57. Bd5 Kg7 58. Rb6 Re7 59. Kc5 Bf3 60. Kd6 {[%emt 0:00:00] White is more active.} Rxe4 (60... Ra7 $16 61. Rb7 Rxb7 62. Bxb7 f5) 61. Bxe4 $18 {[%emt 0:00:00]
White is clearly winning.} Bxe4 62. Ke7 Bf5 63. Rf6 {[%emt 0:00:00] Weighted Error Value: White=0.05 
(flawless) /Black=0.08 (flawless)} 1-0

[Event "44th Chess Olympiad Open 2022"]
[Site "Chennai"]
[Date "2022.08.01"]
[Round "4.17"]
[White "Hernandez Guerrero, Gilberto"]
[Black "Jobava, Baadur"]
[Result "0-1"]
[WhiteElo "2560"]
[BlackElo "2585"]
[Annotator "TA"]
[PlyCount "92"]
[EventDate "2022.??.??"]
[TimeControl "60"]

1. e4 c6 2. Nf3 d5 3. d3 g6 4. Nbd2 Bg7 5. g3 Nh6 6. Bg2 O-O 7. O-O e5 8. Re1 {[%emt 0:04:40] B10: Caro-Kann: 2 d3 and 2
c4.} f6 {[%emt 0:01:53] [#]} 9. b3 $146 ({White should try} 9.
exd5 $14 cxd5 10. b4) ({Predecessor:} 9. a4 Re8 10. c3 Be6 11. Qc2 Nf7 12. b3
Na6 13. Bb2 Qc7 14. h4 Rad8 15. Bf1 c5 {½-½ (24) Petricenco,A (1915)-Bargan,
V (1706) Kishinev 2022}) 9... Nf7 10. Bb2 {[%emt 0:01:04]
Black has an edge.} Na6 11. a3 Nc7 12. b4 Rb8 13. exd5 cxd5 14. c4 d4 15. a4 Re8 16. b5 Bf8 17. Qb3 Ne6 18. Ba3 Kg7 19. Ne4 b6 20. Bxf8+ Rxf8 21. a5 Bb7 22. Qa3 g5 23. h3 (23. Bh3 $11 Bxe4 24. Rxe4) 23... h5 $17 24.
Nh2 (24. Qb2 $17 {was called for.}) 24... f5 $19 25. Nd2 Bxg2 26. Kxg2 g4 27. h4 Qf6 (27... Nc5
$142 $1 28. f3 Qd7 29. fxg4 hxg4) 28. axb6 axb6 29. Qb2 (29. Nb3 $17) 29... Nc5 30. Qc2 f4 31. Ne4 Nxe4 32. Rxe4 Nd6 33. Ree1 Rf7 34. Kg1 (34. Nf1 $17) 34... Nb7 (34... fxg3 $19 35. fxg3 e4 36. dxe4 Qe5) 35. Ra7 Nc5
$36 {[%emt 0:00:24] Black is more active.} (35... Kf8 {seems wilder.} 36. Qe2
Re8 37. Nf1 Nc5) 36. Rxf7+ Kxf7 37. Nf1 {
[%emt 0:01:40] [#]} (37. gxf4 $17 exf4 38. Qa2) 37... Qf5 $2 (
37... Ra8 $1 $19 {Hoping for ...Ra3.} 38. Rd1 Ra3 39. gxf4 Qxf4) 38. gxf4 $1
$11 exf4 {[%emt 0:08:42][%cal Ye5f4,Yf4f3] And now ...Ra8
would win.} (38... Qxd3 39. Qa2 Qf3 40. Rxe5) 39. Qe2 {[%emt 0:00:30] aiming
for Qe7+.} Qf6 {[%emt 0:14:45] Inhibits Qe7+. Active counter play!} ({Resist} 
39... Nxd3 40. Qe7+ Kg8 41. Re6 $16) 40. Nd2 $2 {[%emt 0:07:19] [#]} (40. Qa2
$1 $11) 40... f3 $1 $19 41. Qe5 Qxe5 42. Rxe5 Re8 43. Rf5+ (43. Rxe8 $142 Kxe8 44. Nf1) 43... Kg6 {[%emt 0:00:06] Black
is clearly winning.} 44. Rg5+ Kf6 45. Rxh5 Re1+ 46. Kh2 Nxd3
{[%emt 0:00:00] Weighted Error Value: White=0.38/Black=0.18 (very precise)} 0-1

[Event "44th Chess Olympiad Open 2022"]
[Site "Chennai"]
[Date "2022.08.01"]
[Round "4.17"]
[White "Diaz Rosas, Julio Cesar"]
[Black "Paichadze, Luka"]
[Result "1/2-1/2"]
[WhiteElo "2328"]
[BlackElo "2561"]
[Annotator "TA"]
[PlyCount "141"]
[EventDate "2022.??.??"]
[TimeControl "60"]

1. d4 Nf6 2. c4 e6 3. Nc3 Bb4 4. a3 Bxc3+ 5. bxc3 O-O 6. Bg5 d5 7. e3 {[%emt 0:00:
00] E24: Nimzo-Indian: Sämisch: Unusual Black 5th moves and 5...c5 sidelines.}
Nbd7 8. cxd5 exd5 9. Bd3 {
[%emt 0:00:11] White is slightly better.} c5 10. Ne2 Qa5 11. O-O {[%emt 0:13:17] [#]} Ne4 $146 ({Predecessor:} 11... c4 12. Bc2 Re8 13. f3 h6 14. Bxf6 Nxf6 15. Qd2 Bd7
16. Rfe1 Re7 17. Ng3 h5 {1-0 (24) Aczel,G (2506)-Blaho,S (2102) Topolcany 2020}
) 12. Bh4 Re8 13. Ng3 (13.
a4 $142) 13... Qxc3 (13... Nxg3 $11 14. fxg3 (14. Bxg3 c4 $11)
14... Nf8) 14. Nxe4 (14. Bxe4 $16 dxe4 15. Nf5) 14... dxe4 $11 15. Bb5 a6 16. Rc1 Qxa3 17. Bc4 {[%emt 0:07:16] [#] Strongly threatening
Qh5.} Nf8 18. dxc5 Be6 19.
Be2 Qa2 (19... Qb4 $17) 20. Rc2 Qa4 {[%emt 0:00:26] White must now prevent ...Bb3.} 21. Qd2 Ng6 22. Bg3 Rad8 23.
Qc1 Ne7 24. Rb2 Bd5 25. Qb1 Qd7 26. Rc1 ({White should play} 26. Rd2 $11) 26... Bc6 $15 27. h3 Nd5 (27... Nf5 $15 {might be stronger.} 28.
Bf4 h6) 28. Bc4 Qc8 29. Qa1 Qf5 30. Qb1 Rd7 31. Be2 {
[%emt 0:00:25] Bg4 is the strong threat.} h5 {[%emt 0:00:12] Against Bg4} 32.
Qa2 Nc7 33. Qa5 Nb5 34. Rd2 Ree7 35. Rdc2 Kh7 36. Qe1 Rd5 37. Kh1 Qf6 38. Bf4 {[%emt 0:00:48] [#]}
Na3 (38... Nd4 $1 $17 39. Rd2 Nxe2 40. Qxe2 Red7) 39. Rd2 ({White should try} 39. Ra2 $11 Nb5 40. Kg1) 39... Rxd2 40. Qxd2 h4 41. Bg4 Nb5 {[%emt 0:30:49] Inhibits Qd6.} 42. Qd8 Re8 43. Qxf6 gxf6 44. Bf5+ Kh8 45. g3 $1 hxg3 {[%emt 0:
00:00] The position is equal.} 46. Bxg3 {[%emt 0:00:00] aiming for Bh4. This
bishop pair is nice.} Kg7 47. Kh2 a5 48. Ra1 a4 49. Rxa4 Nd6 {[%emt 0:00:00] Inhibits Rc4.} 50. cxd6 Bxa4 $11 {
[%emt 0:00:00] Endgame KRB-KB} 51. d7 $1 Rd8 52. Bc7 Rxd7 53. Bxd7 Bxd7 {
[%emt 0:00:00] KB-KB} 54. Bb6 Kg6 55. Kg3 Kg5 56. h4+ Kh5 57. Bd4 f5 58. Bf6 b5 59. Be7 Bc8 60. Kf4 Be6 61. Kg3 Kg6 62.
Kf4 f6 63. Bb4 Kh5 64. Kg3 Bc4 65. Kf4 Kxh4 66. Kxf5 Bd3 67. Kxf6 Kg4 68. Ke5 Kf3 69. Kd4 Kxf2 70. Bc5 b4 71. Bxb4 {[%emt 0:00:00] Weighted Error Value: White=0.15 
(very precise) /Black=0.14 (very precise)} 1/2-1/2

[Event "44th Chess Olympiad Open 2022"]
[Site "Chennai"]
[Date "2022.08.01"]
[Round "4.18"]
[White "Mastrovasilis, Dimitrios"]
[Black "Petkov, Momchil"]
[Result "0-1"]
[WhiteElo "2599"]
[BlackElo "2510"]
[Annotator "TA"]
[PlyCount "106"]
[EventDate "2022.??.??"]
[TimeControl "60"]

1. e4 c5 2. Nf3 d6 3. Bb5+ Nd7 4. O-O a6 5. Bxd7+ Bxd7 6. c3 Nf6 7. Re1 Bc6 8. d4 Bxe4 9. Bg5 Bc6 {[%emt 0:00:29] 9...d5 is a critical line.}
10. Bxf6 gxf6 11. d5 {[%emt 0:00:15] B51:
Sicilian: Moscow Variation (3 Bb5+) without 3...Bd7.} Bd7 12.
Nbd2 e5 13.
dxe6 $1 {[%emt 0:02:07] The position is equal.} Bxe6 14. Ne4 Be7 {[%emt 0:02:54] [#]} 15. c4 $146 ({
Predecessor:} 15. Nh4 Qd7 16. Qf3 O-O-O 17. Ng3 Rhg8 18. Nhf5 Rg5 19. h4 Rg6
20. b4 d5 21. Qe3 {0-1 (38) Los,S (2320)-Cifuentes Parada, R (2480)
Netherlands 1993}) 15... Qd7 16. Qc2 {[%emt 0:08:26] White
has compensation.} O-O-O (16... f5 $5 17. Nc3
O-O-O $11) 17. Rad1 {[%emt 0:06:16] Black must now prevent Nxc5.} Qc6 18. Nc3 $1 Rde8 19. Nd5 Bd8 20. Re3 Kb8 21. b3 h5 22. Qc3 Reg8 23. Nxf6 Bxf6 24. Qxf6 h4 $1 25. Qf4 h3 26. Rxd6 Rxg2+ 27. Kf1 {[%emt 0:00:02] Hoping for Rdxe6+.} Qc7 28.
Red3 Bc8 29. R3d5 (29. Qe5
$5 Rf8 30. R6d5 $11) 29... Re8 $36 {[%emt 0:03:38] Black is
more active.} 30. Rxc5 $2 {[%emt 0:00:00] Now White is beyond hope.} Rg4 $19 {
[%emt 0:03:06] Dancing on a razor blade.} ({And not} 30... Rxf2+ 31. Kxf2 Qxc5+
32. Rd4+ Ka8 33. Qf6 $15) 31. Rxc7 Rxf4 32.
Rxc8+ Kxc8 {[%emt 0:00:17] Endgame KRR-KRN} 33. Ng5 Rh4 34. Rd3 {[%emt 0:00:25] [#]} Rd8 $1 35. Rxd8+ (35. Rg3 {was necessary.}) 35...
Kxd8 36. Nxf7+ {[%emt 0:00:08] KR-KN} Ke7 37.
Ng5 Kf6 38. Nf3 Rh8 39. Ng1 $2 (39. Ke2) 39... Ke5 40. Ke2 $2 (40. Nf3+ Ke4 41. Ke2) 40... Kd4 41. Kd2 Rf8 42. f4 Rh8 43. f5 Ke5 44. Ke3 Kxf5 {[%emt 0:00:00] Strongly threatening ...Kg4.} 45. Kd4 Rd8+ 46. Kc5 Rd3 47.
Kb6 {[%emt 0:01:25] [#]} Rg3 $3 48. Nxh3 (48.
hxg3 h2) 48... Rxh3 {[%emt 0:00:05] Black mates.} 49. Kxb7 Rxh2 {[%emt 0:00:00] KR-K3P} 50. a4 a5 51.
Kb6 Rb2 52. Kxa5 Rxb3 53. Ka6 Ke6 {[%emt 0:00:10] Weighted Error
Value: White=0.70/Black=0.03 (flawless)} 0-1

[Event "44th Chess Olympiad Open 2022"]
[Site "Chennai"]
[Date "2022.08.01"]
[Round "4.18"]
[White "Banikas, Hristos"]
[Black "Georgiev, Todor"]
[Result "1-0"]
[WhiteElo "2598"]
[BlackElo "2272"]
[Annotator "TA"]
[PlyCount "70"]
[EventDate "2022.??.??"]
[TimeControl "60"]

1. d4 Nf6 2. c4 g6 3. g3 Bg7 4. Bg2 O-O 5.
Nc3 d6 6. Nf3 Nc6 7. O-O e5 8. dxe5 dxe5 {[%emt 0:12:22] The main line 8...dxe5 scores better than 8...Nxe5.} 9.
Bg5 Be6 10. Qc1 {[%emt 0:01:11] E62: King's
Indian: Fianchetto: 6...c6 and Panno Variation (6...Nc6) without ...a6.} Qc8 11. Rd1 Nd7 12. Nd5 {[%emt 0:
00:00] White is slightly better.} Re8 13. Bh6 f6 14. Bxg7 Kxg7 15. b3 {
[%emt 0:02:33] [#]} a5 $146 ({Predecessor:} 15... Nd8 16. Nd2
Nf7 17. c5 c6 18. Ne3 f5 19. b4 Nf6 20. Nec4 Bd5 21. f3 Qc7 {0-1 (39)
Yakubboev,N (2556)-Wang,H (2730) Makati 2018}) 16. Qa3 Bg4 17. Rd2 Nf8 (17... Bxf3 $11 {
keeps the balance.} 18. Bxf3 a4) 18. Ne1 $16 {[%emt 0:01:20] White is more
active.} h5 19. Rad1 h4 20.
gxh4 Nd4 21. f3 Be6 22. e4 (22. e3 $16 Bxd5 23. cxd5 (23. exd4 Bf7
$16)) 22... Bf7 ({Better is} 22... Qd8 $14) 23. Qb2 c6 $2 {[%emt 0:00:22] [#]} (23... c5 $16) 24. Nb6 (24.
Nxf6 $142 $1 Kxf6 25. Rxd4) 24... Qc7 $18 25. Nxa8 Rxa8 26. c5 Nfe6 27. Nc2 Qe7 28. Qc3 Nb5 29. Qe3 Nxc5 (
29... Rh8 $16 {might work better.} 30. Rd7 Qxc5) 30. h5 g5 31. h4 Rh8 32. hxg5 {[%emt 0:
00:13] aiming for h6+.} fxg5 33. Bh3 Rxh5 34. Bf5 Bg6 $2 {[%emt 0:00:41] [#]} (34... Ne6
35. Rd7 Qf6) 35. Rd7 $1 Kf6 {[%emt 0:00:00] Weighted Error
Value: White=0.20 (precise) /Black=0.44} (35... Nxd7 36. Rxd7) 1-0

[Event "44th Chess Olympiad Open 2022"]
[Site "Chennai"]
[Date "2022.08.01"]
[Round "4.18"]
[White "Stoyanov, Tsvetan"]
[Black "Theodorou, Nikolas"]
[Result "0-1"]
[WhiteElo "2450"]
[BlackElo "2575"]
[Annotator "TA"]
[PlyCount "66"]
[EventDate "2022.??.??"]
[TimeControl "60"]

1. e4 c5 2. Nf3 Nc6 3. Bb5 e6 4. Bxc6 bxc6 5. O-O Ne7 6. Re1 Ng6 {
[%emt 0:00:11] B30: Sicilian: 2...Nc6 3 Bb5, lines without ...g6.} 7. e5 Be7 8. c4 f6 {[%emt 0:12:09]
[#] Black is slightly better.} 9. Nc3 $146 ({Predecessor:} 9.
h4 O-O 10. g3 Nxe5 11. Nxe5 fxe5 12. Rxe5 d6 13. Re3 e5 14. d3 Qe8 15. Rf3 {
0-1 (34) Codreanu,M (1846)-Andreev,K (1716) Bratislava 2019}) 9... fxe5 10. Nxe5 Nxe5 11. Rxe5 O-O 12. Re1 Bh4 13. Rf1 e5 14. d3 d5 15. Qe2 Bf5 16. cxd5 cxd5 17. f4 (17. b3 $15)
17... Qd7 $1 $17 18. Qh5 (18. fxe5 $2 Bg4 19.
Rf3 (19. Rxf8+ $2 Rxf8 20. Qc2 Qf5 $19) 19... Rae8 $19) 18... Be7 {[%emt 0:00:
00][%cal Yh4e7,Ye7c5,Yc5d4] aiming for ...d4. Black is more active.} (18...
Bxd3 19. Rd1 e4 20. Qxh4 $15) 19. Qf3 Rad8 20. fxe5 c4 $1 (20... Bg4 21. Qg3 $15) 21.
dxc4 {[%emt 0:05:28] Now White is beyond hope.} (21. d4 $17) 21... Bc5+ $1 $19 22. Kh1 {[%emt 0:01:21] Threatens to win with Bg5.} d4 23. Bg5 ({Much worse is} 23. Nd5 {[#]} Be4 $1
24. Nf6+ (24. Qe2 $2 d3 $19) 24... Rxf6 $1 25. exf6 Bxf3 26. Rxf3 Rf8 $19)
23... dxc3 24. Qxc3 ({Don't play} 24. Bxd8
Bd3 25. Bf6 (25. Qd5+ $2 Qxd5 26. Rxf8+ Kxf8 $19) 25... Bxf1 26. Qxc3 Qd3 27.
Qxd3 Bxd3 $19) 24... Rde8 {[%emt 0:01:15] Hoping for ...Be4.} 25. h3 $2 (25. Be3 {was necessary.} Bxe3 26. Qxe3) 25... Bd4 26. Qa3 Be4 {[%emt 0:01:32][%cal Ye4g2] White must now
prevent ...Bxg2+! This bishop pair is nice.} 27. Rae1 (27. Qg3
$142) 27... Rxf1+ 28. Rxf1 h6 29. Bc1 Qc6 30. Qg3 Re6 {
[%emt 0:01:02] ( -> ...Rg6)} 31. Re1 Rg6 {[%emt 0:01:16]
Black mates.} 32. Qh4 Bxg2+ 33. Kh2 Bf1 {[%emt 0:00:24] Weighted Error Value: White=0.96/Black=0.06 
(flawless)} 0-1

[Event "44th Chess Olympiad Open 2022"]
[Site "Chennai"]
[Date "2022.08.01"]
[Round "4.18"]
[White "Tashev, Aleksandar"]
[Black "Ioannidis, Evgenios"]
[Result "0-1"]
[WhiteElo "2262"]
[BlackElo "2459"]
[Annotator "TA"]
[PlyCount "26"]
[EventDate "2022.??.??"]
[TimeControl "60"]

1. d4 Nf6 2. c4 e6 3. g3 c5 4. Nf3 cxd4 5.
Nxd4 d5 6. Bg2 e5 7. Nf3 d4 8. O-O Nc6 9. e3 Bg4 {[%emt 0:12:16] [#] ...e4 is the
strong threat. E01: Catalan: Early deviations.} 10. Qb3 Qc7 11. exd4 {[%emt 0:06:21] [#]} e4 $146 (11...
Bxf3 $14 12. Qxf3 Nxd4) ({Predecessor:} 11... Bxf3 12. Qxf3 Nxd4 13. Qd3 h6 14.
Nc3 Bc5 15. Nd5 Nxd5 16. Bxd5 O-O 17. Bxh6 gxh6 {1-0 (32) Svane,R (2610)
-Studer,N (2479) Skopje 2019}) 12. Ne5 $2 (12. Bf4 $16 {
keeps the pressure on.} Bd6 13. Bxd6 Qxd6 14. Ng5 (14. Qxb7 $2 Rb8 $19)) 12...
Nxd4 $17 13. Qa4+ {[%emt 0:12:34] [#]} (13. Nxg4 $17 Nxb3 14.
Nxf6+ gxf6 15. axb3) 13... b5 $1 {[%emt 0:00:09] Weighted Error Value: White=0.
96/Black=0.22 (precise)} 0-1

[Event "44th Chess Olympiad Open 2022"]
[Site "Chennai"]
[Date "2022.08.01"]
[Round "4.19"]
[White "Bjerre, Jonas Buhl"]
[Black "Kantans, Toms"]
[Result "0-1"]
[WhiteElo "2608"]
[BlackElo "2486"]
[Annotator "TA"]
[PlyCount "112"]
[EventDate "2022.??.??"]
[TimeControl "60"]

1. d4 Nf6 2. Nf3 g6 3. Nbd2 d5 4. e3 Bg7 5. b4 O-O 6. c4 a5 {[%emt 0:03:56] D02:1 d4 d5 2 Nf3 sidelines,
including 2...Nf6 3 g3 and 2...Nf6 3 Bf4.} 7. b5 c5 8. Bb2 Nbd7 {[%emt 0:08:57] The position is equal.} 9.
Be2 a4 10. Rc1 {[%emt 0:06:43] [#]} dxc4 $146 ({Predecessor:} 10... b6 11. Ne5 Nxe5 12. dxe5 Nd7 13. cxd5
Nxe5 14. O-O Qxd5 15. f4 Rd8 16. Nb1 Nd3 17. Bxg7 Kxg7 18. Nc3 Qd6 19. e4 Nxc1
20. Qxc1 Bb7 21. f5 Qe5 {0-1 (21) Chatalbashev,B (2547)-Krysa,L (2457) Graz
2015}) 11. Nxc4 {[%emt 0:02:15] dxc5 is the strong threat.} a3 12. Ba1 {[%emt 0:01:48] Threatens to win with dxc5.} ({Inferior is} 12. Bxa3
Rxa3 $1 13. Nxa3 Qa5+ 14. Nd2 Qxa3 $17) 12... Ne4 13. O-O cxd4 14. Bxd4 Bxd4 15. Qxd4 Ndf6 16. Nb6 Rb8 17. Rfd1 $36 {[%emt 0:03:33] White is pushing.} Be6 18. Rc2 Bf5 19.
Rdc1 Nd6 20. Rc3 Bg4 (20... Bd7 $14) 21. Rxa3 $16 Bxf3 22. gxf3 Nd7 23. Nd5 (
23. Nxd7 $16 Qxd7 24. Rac3) 23... Nf5 $14 24. Qf4 e6 25. Nb4 e5 26. Qe4 Nf6 27. Qc4 ({Much worse is} 
27. Qxe5 Qd2 28. Nd3 (28. Rac3 Qxe2 29. Qxf6 Qxf3 $11) 28... Qxe2 29. Qxf6 Rbd8
$11) 27... Qe7 28. Rac3 $1 Rbc8 {
[%emt 0:02:44] Against Qc5} (28... Rbd8 $14) 29. Qxc8 ({
White should try} 29. Nd5 $16 Nxd5 30. Qxd5 Rxc3 31. Rxc3) 29... Rxc8 $11 30. Rxc8+ Kg7 31. Nd3 e4 32. R8c7 Qd6 33. Nf4 g5 34. Ng2 b6 {
[%emt 0:00:48] Prevents R7c5.} 35. f4 h6 36.
a4 Nd5 37. R7c6 Qa3 38. fxg5 hxg5 39. Bf1 Qxa4 40. h3 Qa3 41. Rd1 Nc3 42. Re1 Ne7
{[%emt 0:06:52] Pair of Knights!} 43. Rxb6 Ng6 {[%emt 0:00:15]
aiming for ...Ne5.} 44. Rxg6+ {[%emt 0:07:55] White does not recover from this.
} Kxg6 $19 45. h4 {[%emt 0:00:36] [#]} f6 $1 46. hxg5 fxg5 47. Be2 Kf5 {[%emt 0:07:07] Inhibits Bg4+. Black has strong
compensation.} 48. Bh5 Qb2 49. Be8 $2 (49. Rf1) 49... Kg4 50. Kf1 Qd2 (50... Kh3 $142 51. Kg1 Qd2 52. Bf7 Qd6 53. Kf1 Qc5 54.
Bh5 Qxb5+ 55. Be2 Qb6 56. Bh5 Qa6+ 57. Be2 Qd6 58. Bc4 Qc6 59. Be2 Qe6 60. Bd1
Qc6 61. Bh5 Qa6+ 62. Be2 Qd6 63. Bc4 Qc6 64. Be2 Qd6) 51. Kg1 Kh3 {[%emt 0:00:59] Black mates.} 52. b6 Qd6 53. Kf1 Kh2 54. Bh5 Qxb6 55. Bg4 Qb5+ 56. Be2 Qf5 {[%emt 0:00:32] Weighted Error Value: White=0.49/Black=0.
22 (precise)} (56... Nxe2 $142 57. Rxe2 Qd7 58. Nf4 gxf4 59. exf4 Qd1+ 60. Re1
Qd3+ 61. Re2 e3 62. fxe3+ Kg3 63. Ke1 Kf3 64. Rh2 Qxe3+ 65. Kd1 Qg1+ 66. Kd2
Qxh2+ 67. Kc3 Qxf4 68. Kc2 Qb4 69. Kc1 Ke2 70. Kc2 Ke3 71. Kc1 Kd3 72. Kd1 Qd2#
) 0-1

[Event "44th Chess Olympiad Open 2022"]
[Site "Chennai"]
[Date "2022.08.01"]
[Round "4.19"]
[White "Thybo, Jesper Sondergaard"]
[Black "Golubovskis, Maksims"]
[Result "1-0"]
[WhiteElo "2520"]
[BlackElo "2219"]
[Annotator "TA"]
[PlyCount "107"]
[EventDate "2022.??.??"]
[TimeControl "60"]

1. e4 c5 2.
Nf3 d6 3. d4 cxd4 4. Qxd4 Nc6 5. Qe3 Nf6 6. Be2 {[%emt 0:00:29] B53: Sicilian: 2...d6: Lines with
Qxd4.} g6 7. h3 Bg7 8. O-O {
[%emt 0:00:13] The position is equal.} O-O 9. Rd1 b6 10. c4 Bb7 11. Nc3 Nd7 12. Bd2 {[%emt 0:12:06] [#]} (12. Rb1 $14)
12... Rc8 $146 ({Predecessor:} 12... Nc5 13. Rac1 e6 14. Be1
Qe7 15. Rb1 Rfd8 16. b4 Nd7 17. a3 Rac8 18. Kh1 Nde5 {½-½ (28) Priyadharshan,
K (2460)-Ashwin,J (2442) Saint Louis 2014}) 13. Rac1 Nce5 14. Nxe5 Nxe5 15. b3 Nc6 16. Be1 Qd7 17. f4 ({White should try} 17. Nb5 $16)
17... Rcd8 (17... e5 $1 $11 {was preferrable.}) 18. Bh4 $14 Qe6 19. Nd5 f5 {[%emt 0:03:
45] Prevents Bg4.} 20. b4 {[%emt 0:08:04] White is more active.} Rd7 (20... fxe4 $2 21. b5 Na5 22. Bxe7) 21. Bf3 Kh8 22. Kh1 (22. b5 $16 Na5 23. Qe2) 22... Nd8 {
[%emt 0:04:05] Loses the game.} (22... Qf7 $1 $14) 23. Re1 $1 $18 fxe4 (23... Nc6 {was necessary.}) 24. Bg4 {[%emt 0:01:42]
Skewer, Zwischenzug} (24. Bxe4 Qf7 25. Bd3 e6 26. Bxd8 exd5 $11) (24. Qxe4 Qxe4
25. Bxe4 e6 $15) 24... Rf5 25. Qxe4 {[%emt 0:01:13] Pin} (25.
Bxf5 gxf5 26. Qa3 Bxd5 27. cxd5 Qxd5 $16) 25... Qf7 26. Bxf5 (26. Bxe7 $6 Bxd5 27. cxd5 Rxf4 28. Bxd7 Rxe4 29. Rxe4 Be5 30.
Bxd8 Qxd7 $16) 26... gxf5 27. Qe2 e5 28. Bg3 (28. fxe5 dxe5 29.
Bxd8 Rxd8 $16) 28... e4 29. Red1 Ne6 30. Qe3 h5 (30... h6 $16 31.
Bf2 Bc6) 31. Be1 Bxd5 32. Rxd5 {[%emt 0:06:32] Rcd1 is the strong threat.} Nc7 33. Rdd1 Kh7 34. Bc3 Bh6 35. Bd2 Ne6 {[%emt 0:01:42] [#]} 36. Qf2 b5 $2 (36... Nd8 37. g3 Bg7) 37. c5 d5 38. c6 Rd6 (38... Rd8 {was called for.} 39. Qh4 Ra8) 39. Be3 Qc7 40. Qe2 Kg6 41.
Qxb5 d4 {[%emt 0:30:33] [#]} 42. g4 $1 hxg4 {
[%emt 0:00:00] [#]} 43. hxg4 $1 Bxf4 (43...
Kh7 44. Qxf5+) 44. Qxf5+ Kg7 45. Bxf4 Nxf4 46. Qe5+ ({Inferior is} 
46. Qxf4 Rh6+ 47. Qxh6+ Kxh6 $11) 46... Kh7 47. Qxe4+ Kg7 48. Qe5+ {[%emt 0:00:00] White mates.} Kh7 49. Kg1 Ng6 50. Qh2+ Nh4 51. Qxh4+ Rh6 52. Qf2 Rh3 53. Rxd4 Rg3+ 54. Kf1 {[%emt 0:00:00] Weighted Error Value: White=0.15
(very precise) /Black=0.51} 1-0

[Event "44th Chess Olympiad Open 2022"]
[Site "Chennai"]
[Date "2022.08.01"]
[Round "4.19"]
[White "Reimanis, Ritvars"]
[Black "Andersen, Mads"]
[Result "1/2-1/2"]
[WhiteElo "2377"]
[BlackElo "2587"]
[Annotator "TA"]
[PlyCount "61"]
[EventDate "2022.??.??"]
[TimeControl "60"]

1. d4 d5 2. c4 c6 3. Nf3 Nf6 4. e3 e6 5. Nc3 Nbd7 6. Qc2 Bd6 7. Be2 O-O 8. O-O b6 9. e4 Nxe4 10. Nxe4 dxe4 11. Qxe4 Bb7 12. Rd1 Qc7 {[%emt 0:00:25] D45: Semi-Slav: 5 e3.} 13. Bd3 {[%emt 0:00:55][%csl Gd3]
[%cal Re4h7] [#]} g6 $1 ({Much less strong is} 13... Nf6 14.
Qh4 $16) 14. Qh4 c5 15. Be4 (15. d5 $11 {is more appropriate.}) 15... Bxe4 $15 16. Qxe4 Rfe8 {[%emt 0:00:56] [#]} (16... cxd4 $5 17. Bh6 {[#]} (17. Rxd4 e5 $15) (17. Qxd4 Ne5 $17) 17... e5 $1
$11) 17. Bg5 $146 {[%emt 0:14:44] The position is equal.} ({Predecessor:} 17.
b3 cxd4 18. Qxd4 Bc5 19. Qh4 e5 20. Bb2 Re7 21. Rd5 f5 22. Qg5 Rae8 23. Re1 {
1-0 (44) Baron,D (2380)-Mokrys,C (2430) ICCF corr 1995}) 17... e5 18. dxe5 Nxe5 19. g3 Nxf3+ 20. Qxf3 Be5 21. Rd2 Bd4 22. Bf6 {[%emt 0:01:09] Prevents Qe5.}
Bxf6 23. Qxf6 Qe7 24. Qxe7 Rxe7 $11 {[%emt 0:00:03] Endgame KRR-KRR} 25. Rad1 Kf8 26. Kg2 Rae8 27. b3 h5 28. h4 Re6 29. Kf1 R8e7 30. Rd8+ Kg7 31. R8d2 {[%emt 0:01:13] Weighted Error Value: White=0.04
(flawless) /Black=0.02 (flawless)} 1/2-1/2